 Dungeon Crawl Stone Soup version 0.32-a0-928-g1cae6b7ea0 (webtiles) character file.

Game seed: 3788959188896868069

730 Alarak the Chopper (level 7, 0/59 HPs)
             Began as a Coglin Berserker on Apr 12, 2024.
             Was a Believer of Trog.
             Slain by an ogre
             ... wielding a +0 giant club
              (15 damage)
             ... on level 5 of the Dungeon.
             The game lasted 00:07:27 (2974 turns).

Alarak the Chopper (Coglin Berserker)               Turns: 2974, Time: 00:07:28

Health: 0/59       AC: 11    Str: 20    XL:     7   Next: 73%
Magic:  7/7        EV:  7    Int:  6    God:    Trog [**....]
Gold:   236        SH:  0    Dex: 13    Spells: 6/6 levels left

rFire   . . .        c - +1 war axe {Tae}
rCold   + . .        a - +0 hand axe {Tae}
rNeg    . . .        l - +1 chain mail {rC+}
rPois   .            (no helmet)
rElec   .            q - +1 cloak
rCorr   .            (no gloves)
SInv    .            (no boots)
Will    ++...        (amulet unavailable) Stlth
                     (ring unavailable)
HPRegen 1.29/turn    (ring unavailable)
MPRegen 0.10/turn    (no gizmo)

%: no passive effects
@: strong-willed, regenerating, studying Long Blades, revved
A: off-hand wielding, slow wielding, warmup strikes, no jewellery
a: Invent Gizmo, Renounce Religion, Berserk, Trog's Hand


You were on level 5 of the Dungeon.
You worshipped Trog.
Trog was pleased with you.
You visited 1 branch of the dungeon, and saw 5 of its levels.

You collected 236 gold pieces.

Inventory:

Hand Weapons
 a - a +0 hand axe (offhand) {Tae}
 c - a +1 war axe (weapon) {Tae}
Armour
 l - a +1 chain mail of cold resistance (worn)
 q - a +1 cloak (worn)
Wands
 g - a wand of flame (9)
 n - a wand of paralysis (10)
Scrolls
 d - 2 scrolls of enchant weapon
 i - 2 scrolls of immolation
 j - a scroll of teleportation
 m - a scroll of poison {unknown}
 o - a scroll of revelation
 p - a scroll of enchant armour
Potions
 b - 4 potions of curing
 e - 2 potions of heal wounds {unknown}
 f - 2 potions of cancellation {unknown}
 h - a potion of haste {unknown}
 k - a potion of might {unknown}


   Skills:
 + Level 6.3 Fighting
 - Level 6.8 Axes
 - Level 1.7 Armour
 - Level 1.7 Dodging


You had 6 spell levels left.
You didn't know any spells.
Your spell library was empty.

Dungeon Overview and Level Annotations

Branches:
Dungeon (5/15)
 Temple: D:4-7

Altars:
Dithmenos
Zin

Shops:
D:2 [   D:3 :


Innate Abilities, Weirdness & Mutations

You can wield a second weapon in your off-hand.
It takes a long time for you to wield or remove held weapons.
Your first few attacks do less damage.
You cannot equip rings or amulets.


Message History

b - 4 potions of curing (gained 1)
You now have 236 gold pieces (gained 10).
Found a stone staircase leading down.
An ogre comes into view. It is wielding a +0 giant club.
Found an escape hatch in the floor.
The ogre shouts!
An ogre is nearby!
An ogre is nearby!
An ice beast comes into view.
The ogre hits you with a +0 giant club!!
You hit the ogre but do no damage. You hit the ogre with your +0 hand axe.
The ogre hits you with a +0 giant club.
You hit the ogre but do no damage.
The ogre is lightly wounded.
You hit the ogre with your +1 war axe.
You barely miss the ogre with your +1 war axe.
The ogre is moderately wounded.
You hit the ogre with your +0 hand axe. The ogre barely misses you.
You barely miss the ogre with your +0 hand axe.
The ogre is moderately wounded.
You slash the ogre with your +1 war axe!
The ogre hits you with a +0 giant club!!
The ice beast hits you but does no damage.
You are too injured to fight recklessly!
You are too injured to fight recklessly!
You are too injured to fight recklessly!
You are too injured to fight recklessly!
You are too injured to fight recklessly!
You are too injured to fight recklessly!
You are too injured to fight recklessly!
You are too injured to fight recklessly!
You are too injured to fight recklessly!
You are too injured to fight recklessly!
Unknown command.
Your skin crawls.
You feel strong-willed. The ice beast hits you. The ice beast freezes you.
You resist.
* * * LOW HITPOINT WARNING * * *
The ogre hits you with a +0 giant club!
You die...

## ##.## ##...# #....##
##....>### #......#.###
.#.##.........##
#.....Y........####
#.....O@......#...#####
#..................#..#
......................#
.....................##
......................##
..........!.............
.........>..............
.##..>..................
......##.†))#....


You could see an ice beast and an ogre.

Vanquished Creatures
  A hornet (D:5)
  Sigmund (D:2)
  2 bombardier beetles (D:4)
  2 orc priests (D:5)
  Crazy Yiuf (D:4)
  3 orc wizards (D:4)
  Ijyb (D:3)
  3 adders
  A ribbon worm (D:3)
  3 dart slugs
  8 orcs
  8 bats
  10 endoplasms
  6 giant cockroaches
  10 hobgoblins
  6 jackals
  4 kobolds
  A quokka (D:1)
  5 ball pythons
  4 frilled lizards
  5 goblins
  5 rats
90 creatures vanquished.

Notes
Turn   | Place    | Note
-------+----------+-------------------------------------------
     0 | D:1      | Alarak the Coglin Berserker began the quest for the Orb.
     0 | D:1      | Reached XP level 1. HP: 18/18 MP: 1/1
   235 | D:1      | Reached XP level 2. HP: 24/24 MP: 2/2
   351 | D:1      | Reached XP level 3. HP: 26/29 MP: 3/3
   354 | D:1      | Reached ** piety under Trog
   861 | D:1      | Found a faded altar of an unknown god.
  1077 | D:2      | Noticed Sigmund
  1088 | D:2      | Killed Sigmund
  1089 | D:2      | Reached XP level 4. HP: 29/35 MP: 4/4
  1089 | D:2      | Reached XP level 5. HP: 34/41 MP: 5/5
  1188 | D:2      | Found Yshrett's Armour Boutique.
  1646 | D:3      | Found a shadowy altar of Dithmenos.
  1646 | D:3      | Noticed Ijyb
  1652 | D:3      | Reached XP level 6. HP: 47/47 MP: 6/6
  1654 | D:3      | Killed Ijyb
  1805 | D:3      | Found Zimar's Book Boutique.
  2286 | D:4      | Reached *** piety under Trog
  2527 | D:4      | Reached XP level 7. HP: 51/55 MP: 7/7
  2645 | D:4      | Found a glowing silver altar of Zin.
  2645 | D:4      | Noticed an angel
  2715 | D:4      | Found a runed translucent door.
  2716 | D:4      | Noticed Crazy Yiuf
  2721 | D:4      | Killed Crazy Yiuf
  2851 | D:5      | Entered Level 5 of the Dungeon
  2853 | D:5      | Noticed a hornet
  2858 | D:5      | Paralysed by a hornet for 2 turns
  2859 | D:5      | Reached skill level 5 in Fighting
  2864 | D:5      | Killed a hornet
  2974 | D:5      | Slain by an ogre

Illustrated notes

Levels and vault maps discovered:
D:1:      lordsloth_arrival_two_stooges, layout_loops_ring,
          shapermc_ecumenical_altar_mp_vishouse
D:2:      layout_loops_cross, serial_shops, nicolae_shop_statue_plus,
          uniq_sigmund
D:3:      layout_rooms, grunt_dithmenos_smoke, serial_shops, shop, uniq_ijyb
D:4:      layout_cave_pools, zin_angel, uniq_crazy_yiuf_cottage
D:5:      layout_cave_pools, minmay_temple_entry_arrows

Skill      XL: |  1  2  3  4  5  6  7 |
---------------+----------------------+-----
Axes           | 4 6 |  6.8
Fighting       | 4 6 |  6.3
Armour         | |  1.7
Dodging        | |  1.7

Action                     |  1- 3 |  4- 6 |  7- 9 || total
---------------------------+-------+-------+-------++-------
  Melee: Hand axe          |   100 |    57 |    17 ||   174
         Dagger            |    93 |       |       ||    93
         War axe           |       |    60 |    17 ||    77
         Morningstar       |       |     3 |       ||     3
 Invoke: Berserk           |     1 |     1 |     1 ||     3
         Trog's Hand       |       |     1 |     2 ||     3
    Use: Scroll            |       |     9 |       ||     9
   Stab: Sleeping          |     3 |       |       ||     3
         Distracted        |     1 |       |       ||     1
 Armour: Animal skin       |    56 |       |       ||    56
         Ring mail         |     5 |     6 |       ||    11
         Scale mail        |       |     7 |       ||     7
         Chain mail        |       |    43 |    29 ||    72
  Dodge: Dodged            |    56 |    23 |    10 ||    89

Table legend: (Time is in decaauts)
 A = Elapsed time spent in this place.
 B = Non-inter-level travel time spent in this place.
 C = Inter-level travel time spent in this place.
 D = Time resting spent in this place.
 E = Time spent auto-exploring this place.
 F = Levels seen in this place.
 G = Mean time per level.
                   A        B        C        D        E       F      G
               +--------+--------+--------+--------+--------+-----+--------+
         Total |   3019 |   2832 |    187 |    359 |   1915 |   5 |  603.8 |
       Dungeon |   3019 |   2832 |    187 |    359 |   1915 |   5 |  603.8 |
               +--------+--------+--------+--------+--------+-----+--------+

Top non-repeatable levels by time:
     D:1: 905 daAuts
     D:2: 751 daAuts
     D:4: 678 daAuts
     D:3: 544 daAuts
     D:5: 138 daAuts
